 Dungeon Crawl Stone Soup version 0.22.0-49-gab54619 (webtiles) character file.

5084 Onaxys the Grappler (level 10, 0/82 HPs)
             Began as a Troll Monk on Sept 7, 2018.
             Was a Priest of Hepliaklqana.
             Slain by a troll (1 damage)
             ... on level 9 of the Dungeon.
             The game lasted 00:59:29 (9100 turns).

Onaxys the Grappler (Troll Monk)                    Turns: 9100, Time: 00:59:29

Health: 0/82       AC: 10    Str: 23    XL:     10   Next: 31%
Magic:  9/9        EV: 13    Int:  6    God:    Hepliaklqana [***...]
Gold:   283        SH:  2    Dex: 19    Spells: 9/9 levels left

rFire    . . .     SeeInvis .     - Unarmed
rCold    . . .     Gourm    +   (no shield)
rNeg     . . .     Faith    .   a - +1 robe
rPois    .         Spirit   .   (helmet restricted)
rElec    .         Reflect  +   B - +1 cloak
rCorr    .         Harm     .   (gloves unavailable)
MR       +....                  (boots unavailable)
Stlth    +++.......             N - +2 amulet of reflection
HPRegen  0.63/turn              h - ring of protection from magic
MPRegen  0.11/turn              q - +2 ring of dexterity

@: no status effects
A: large, unfitting armour, reduced essence, beak, claws 3, icy blue scales 1,
agile 1, fast metabolism 3, gourmand, regeneration 1, shaggy fur 1, strong 1,
tough skin 2
a: Recall Ancestor, Ancestor Identity, Transference, Renounce Religion


You were on level 9 of the Dungeon.
You worshipped Hepliaklqana.
Hepliaklqana was most pleased with you.
You were completely stuffed.

You visited 1 branch of the dungeon, and saw 9 of its levels.

You collected 387 gold pieces.
You spent 104 gold pieces at shops.

Inventory:

Hand Weapons
 k - a +1 war axe of electrocution
 C - a +3 flail
 F - the +6 trident of Hourri {elec, rElec Str+2 Int+3, unknown}
   (You found it on level 6 of the Dungeon)

   Occasionally, upon striking a foe, it will discharge some electrical energy
   and cause terrible harm.
   It affects your strength (+2).
   It affects your intelligence (+3).
   It insulates you from electricity.
Armour
 a - a +1 robe (worn)
 B - a +1 cloak (worn)
 P - a +0 plate armour
Magical Staves
 G - an uncursed staff of fire {unknown}
Jewellery
 h - a ring of protection from magic (left claw)
 q - a +2 ring of dexterity (right claw)
 r - an uncursed ring of magical power
 A - a +2 ring of intelligence {unknown}
 E - an uncursed ring of protection from magic
 K - an uncursed amulet of rage {unknown}
 N - a +2 amulet of reflection (around neck)
 Q - an uncursed ring of protection from magic
 S - a cursed -3 ring of strength {unknown}
Wands
 n - a wand of enslavement (19)
 D - a wand of clouds (6)
 H - a wand of paralysis (31)
 O - a wand of iceblast (6)
 R - a wand of flame (30)
 T - a wand of digging (16)
Scrolls
 c - 4 scrolls of remove curse
 f - a scroll of random uselessness {unknown}
 j - 4 scrolls of immolation {unknown}
 m - 2 scrolls of enchant armour
 o - 2 scrolls of noise
 s - 2 scrolls of teleportation {unknown}
 v - 3 scrolls of enchant weapon {unknown}
 w - 2 scrolls of amnesia {unknown}
 x - 4 scrolls of fog {unknown}
 y - a scroll of blinking {unknown}
 z - a scroll of brand weapon {unknown}
 L - a scroll of vulnerability {unknown}
 U - a scroll of fear {unknown}
Potions
 e - a potion of brilliance {unknown}
 g - a potion of resistance {unknown}
 i - 2 potions of agility {unknown}
 l - a potion of lignification {unknown}
 p - 4 potions of might {unknown}
 t - a potion of cancellation {unknown}
 u - 6 potions of flight {unknown}
 I - a potion of degeneration {unknown}
 M - a potion of haste {unknown}
Comestibles
 b - 10 rations
 V - 3 chunks of flesh


   Skills:
 + Level 3.7 Fighting
 - Level 4.8 Dodging
 + Level 3.2 Stealth
 * Level 13.0 Unarmed Combat


You had 9 spell levels left.
You didn't know any spells.
Your spell library contained the following spells:

 Spells                   Type           Power        Failure   Level  Hunger
 Magic Dart               Conj           #...         45%         1    ##.....
 Summon Small Mammal      Summ           #...         45%         1    ##.....
 Call Imp                 Summ           #.......     58%         2    ###....
 Searing Ray              Conj           #.....       58%         2    ###....
 Call Canine Familiar     Summ           #.......     83%         3    ####...
 Dazzling Spray           Conj/Hex       #.....       83%         3    ####...
 Summon Guardian Golem    Hex/Summ       #.......     83%         3    ####...
 Force Lance              Conj/Tloc      #.......     99%         4    #####..
 Fulminant Prism          Conj/Hex       #.........   99%         4    #####..
 Iskenderun's Mystic Bla  Conj           #.......     99%         4    #####..
 Summon Ice Beast         Ice/Summ       #.......     99%         4    #####..
 Summon Lightning Spire   Summ/Air       #.......     99%         4    #####..


Dungeon Overview and Level Annotations

Branches:
Dungeon (9/15)             Temple (0/1) D:5
   Lair: D:8-11         Orc: D:9-12

Altars:
Cheibriados
Dithmenos
Elyvilon
Hepliaklqana
Makhleb
Nemelex Xobeh
Qazlal
Uskayaw
Xom
Zin

Shops:
D:7 }   D:8 !


Innate Abilities, Weirdness & Mutations

You are too large for most types of armour.
You have claws for hands.
Your metabolism is lightning-fast.
You like to eat raw meat.
Your natural rate of healing is unusually fast.
You are covered in fur. (AC +1)
You have very tough skin. (AC +2)
Your life essence is reduced to manifest your ancestor. (-10% HP)
You have a beak for a mouth.
You are partially covered in icy blue scales. (AC +2)
You are agile. (Dex +2)
Your muscles are strong. (Str +2)


Message History

The yak gores you!
* * * LOW HITPOINT WARNING * * *
You claw the yak! You peck the yak, but do no damage.
The yak is almost dead.
The yak gores you.
* * * LOW HITPOINT WARNING * * *
You mangle the yak!!
You kill the yak!
Your Unarmed Combat skill increases to level 13!
You feel better. The troll bites you!
* * * LOW HITPOINT WARNING * * *
The troll claws you.
* * * LOW HITPOINT WARNING * * *
The troll closely misses you.
You feel better. The troll bites you!
* * * LOW HITPOINT WARNING * * *
The troll claws you!
* * * LOW HITPOINT WARNING * * *
The troll claws you.
You die...

##.......## ##..#
...####.........#
#...#
......'.........+
....
...####.........#
...# ##.......##
..# ##.....## #.#
##.YY## ###.#####
##T## #..)....#
#@# #.#..##.# #
#.# #.##.# #.#.##
#.##รท# #
#...####
#.##.##.#
##.....#
#...<...# ##....#
####.####
#.#...#######.#
#.###..........#
#.# ############


You could see 2 yaks and a troll.

Vanquished Creatures
  Pikel (D:7)
  A hornet (D:8)
  A hippogriff (D:8)
  A wyvern (D:8)
  4 yaks (D:9)
  A steam dragon (D:8)
  Duvessa (D:5)
  A water moccasin (D:6)
  A sky beast (D:8)
  A black bear (D:8)
  An orc warrior (D:8)
  A necrophage (D:9)
  An ice beast (D:5)
  3 phantoms
  6 ogres
  3 centaurs
  A big kobold (D:7)
  4 bullfrogs
  Dowan (D:5)
  A water moccasin skeleton (D:4)
  2 scorpions
  3 killer bees (D:9)
  3 howler monkeys
  2 jellies (D:5)
  2 crimson imps
  A centaur zombie (D:6)
  2 bullfrog zombies
  A quasit (D:5)
  A hound (D:8)
  3 orc priests (D:5)
  A centaur skeleton (D:5)
  2 iguanas
  An orc wizard (D:5)
  2 worker ants
  A worker ant zombie (D:6)
  Robin (D:4)
  6 adders
  3 gnolls (D:2)
  2 shadow imps
  An ooze (D:7)
  2 worms (D:3)
  A dart slug (D:1)
  4 leopard geckos
  23 orcs
  5 giant cockroaches
  13 goblins
  5 hobgoblins
  12 jackals
  13 kobolds
  7 bats
  3 frilled lizards
  A jackal zombie (D:7)
  8 rats
172 creatures vanquished.

Vanquished Creatures (collateral kills)
  An ogre (D:8)
  A killer bee (D:9)
  A hound (D:7)
  A worker ant (D:6)
  An adder (D:6)
  A shadow imp (D:7)
  An orc (D:7)
  2 jackals
  2 kobolds (D:7)
11 creatures vanquished.

Vanquished Creatures (others)
  A slave (D:7)
  A centaur (D:7)
  A crimson imp (D:7)
  A worker ant (D:7)
  2 battlemagi
  A howler monkey skeleton (D:7)
7 creatures vanquished.

Grand Total: 190 creatures vanquished

Notes
Turn   | Place    | Note
-------+----------+-------------------------------------------
     0 | D:1      | Onaxys the Troll Monk began the quest for the Orb.
     0 | D:1      | Reached XP level 1. HP: 22/22 MP: 0/0
   238 | D:1      | Reached XP level 2. HP: 29/29 MP: 1/1
   821 | D:2      | Reached XP level 3. HP: 36/36 MP: 2/2
   985 | D:2      | Reached XP level 4. HP: 5/44 MP: 3/3
  1319 | D:2      | Reached skill level 4 in Unarmed Combat
  1709 | D:2      | Found a shimmering altar of Xom.
  1710 | D:2      | Found a glowing silver altar of Zin.
  1711 | D:2      | Found a stormy altar of Qazlal.
  2026 | D:3      | Found a shadowy altar of Dithmenos.
  2972 | D:4      | Noticed Robin
  2994 | D:4      | Reached XP level 5. HP: 46/52 MP: 4/4
  3000 | D:4      | Killed Robin
  3383 | D:4      | Reached skill level 5 in Unarmed Combat
  4011 | D:5      | Entered Level 5 of the Dungeon
  4041 | D:5      | Reached XP level 6. HP: 59/61 MP: 5/5
  4059 | D:5      | Found a staircase to the Ecumenical Temple.
  4311 | D:5      | Reached skill level 6 in Unarmed Combat
  4312 | D:5      | Noticed an ice beast
  4322 | D:5      | Reached XP level 7. HP: 29/67 MP: 6/6
  4573 | D:5      | Noticed Duvessa
  4575 | D:5      | Noticed Dowan
  4591 | D:5      | Killed Dowan
  4602 | D:5      | Killed Duvessa
  4602 | D:5      | Reached skill level 7 in Unarmed Combat
  4734 | D:5      | Reached XP level 8. HP: 19/75 MP: 7/7
  5270 | D:5      | Reached skill level 8 in Unarmed Combat
  5749 | D:6      | Found a hazy altar of Hepliaklqana.
  5861 | D:6      | Became a worshipper of Hepliaklqana the Forgotten
  5861 | D:6      | Reached * piety under Hepliaklqana
  5861 | D:6      | Reached ** piety under Hepliaklqana
  5942 | D:6      | Remembered your ancestor Henutemipet as a battlemage
  5981 | D:6      | Got a brightly glowing trident
  6015 | D:6      | Found a white marble altar of Elyvilon.
  6099 | D:6      | Found a hide-covered altar of Uskayaw.
  6473 | D:6      | Reached skill level 9 in Unarmed Combat
  6497 | D:6      | Found a sparkling altar of Nemelex Xobeh.
  6917 | D:7      | Found a hazy altar of Hepliaklqana.
  7001 | D:7      | Found Myoth's Gadget Emporium.
  7004 | D:7      | Reached XP level 9. HP: 70/74 MP: 8/8
  7046 | D:7      | Noticed Pikel
  7069 | D:7      | Killed Pikel
  7069 | D:7      | Reached skill level 10 in Unarmed Combat
  7718 | D:8      | Reached *** piety under Hepliaklqana
  7742 | D:8      | Found a burning altar of Makhleb.
  7793 | D:8      | Reached skill level 11 in Unarmed Combat
  7957 | D:8      | Found Dennineb's Distillery.
  8226 | D:8      | Bought a potion of mutation for 104 gold pieces
  8226 | D:8      | Gained mutation: You have large cloven feet. [potion of
                  | mutation]
  8226 | D:8      | Gained mutation: You expend magic power (3 MP) to
                  | strengthen your wands. [potion of mutation]
  8226 | D:8      | Gained mutation: You are resistant to hostile enchantments.
                  | (MR+) [potion of mutation]
  8227 | D:8      | Lost mutation: You expend magic power (3 MP) to strengthen
                  | your wands. [potion of mutation]
  8227 | D:8      | Lost mutation: You have large cloven feet. [potion of
                  | mutation]
  8227 | D:8      | Gained mutation: Your muscles are strong. (Str +2) [potion
                  | of mutation]
  8227 | D:8      | Gained mutation: Your spells are a little harder to cast,
                  | but a little more powerful. [potion of mutation]
  8228 | D:8      | Lost mutation: Your muscles are strong. (Str +2) [potion of
                  | mutation]
  8228 | D:8      | Lost mutation: Your spells are a little harder to cast, but
                  | a little more powerful. [potion of mutation]
  8228 | D:8      | Gained mutation: You have a pair of small horns on your
                  | head. [potion of mutation]
  8228 | D:8      | Gained mutation: You are partially covered in molten
                  | scales. (AC +2) [potion of mutation]
  8228 | D:8      | Gained mutation: You have supernaturally acute eyesight.
                  | (SInv) [potion of mutation]
  8229 | D:8      | Lost mutation: You have a pair of small horns on your head.
                  | [potion of mutation]
  8229 | D:8      | Lost mutation: You have supernaturally acute eyesight.
                  | (SInv) [potion of mutation]
  8229 | D:8      | Gained mutation: You are robust. (+10% HP) [potion of
                  | mutation]
  8230 | D:8      | Lost mutation: You are robust. (+10% HP) [potion of
                  | mutation]
  8230 | D:8      | Lost mutation: You are resistant to hostile enchantments.
                  | (MR+) [potion of mutation]
  8230 | D:8      | Lost mutation: You are partially covered in molten scales.
                  | (AC +2) [potion of mutation]
  8230 | D:8      | Gained mutation: Your muscles are strong. (Str +2) [potion
                  | of mutation]
  8230 | D:8      | Gained mutation: You are agile. (Dex +2) [potion of
                  | mutation]
  8230 | D:8      | Gained mutation: You have a beak for a mouth. [potion of
                  | mutation]
  8230 | D:8      | Gained mutation: You are partially covered in icy blue
                  | scales. (AC +2) [potion of mutation]
  8310 | D:8      | Found a snail-covered altar of Cheibriados.
  8572 | D:8      | Reached skill level 12 in Unarmed Combat
  8655 | D:8      | Reached XP level 10. HP: 81/81 MP: 9/9
  9098 | D:9      | Reached skill level 13 in Unarmed Combat
  9100 | D:9      | HP: 1/82 [troll (8)]
  9100 | D:9      | Slain by a troll

Skill      XL: |  1  2  3  4  5  6  7  8  9 10 |
---------------+-------------------------------+-----
Dodging        | 3 4 |  4.8
Unarmed Combat | 4 5 6 7 9 12 13 | 13.0
Fighting       | 3 |  3.7
Stealth        | 2 3 |  3.2

Action                   |  1- 3 |  4- 6 |  7- 9 | 10-12 || total
-------------------------+-------+-------+-------+-------++-------
Melee: Unarmed           |   113 |   169 |   228 |    41 ||   551
       Punch             |     1 |     4 |    18 |     1 ||    24
       Peck              |       |       |     5 |    11 ||    16
Invok: Ancestor Identity |       |       |     2 |       ||     2
       Ancestor Life: Ba |       |       |     1 |       ||     1
  Use: Scroll            |     2 |     7 |     2 |       ||    11
       Potion            |       |       |    12 |     3 ||    15
 Stab: Sleeping          |     1 |       |     6 |     1 ||     8
       Distracted        |       |       |     2 |       ||     2
  Eat: Chunk             |     2 |    30 |    34 |     5 ||    71
       Ration            |     1 |     1 |     3 |       ||     5
Armor: Robe              |    57 |    55 |    60 |    16 ||   188
Dodge: Dodged            |    71 |   106 |   119 |    28 ||   324
Block: Other             |       |       |     1 |     3 ||     4
